 Dungeon Crawl Stone Soup version 0.32-a0-791-gfc315c9ecd (webtiles) character file.

Game seed: 1741024617653988720

2008 kae the Carver (level 9, -4/61 HPs)
             Began as a Coglin Gladiator on Mar 20, 2024.
             Was an Initiate of Okawaru.
             Slain by Maurice
             ... wielding a +0 short sword
              (9 damage)
             ... on level 7 of the Dungeon on Mar 21, 2024.
             The game lasted 00:05:24 (5980 turns).

kae the Carver (Coglin Gladiator)                   Turns: 5980, Time: 00:05:24

Health: -4/61      AC: -1    Str: 14    XL:     9   Next: 22%
Magic:  3/9        EV: 11    Int:  9    God:    Okawaru [......]
Gold:   0          SH:  0    Dex: 19    Spells: 8/8 levels left

rFire   . . .        a - +0 long sword (elec) {Akiya}
rCold   . . .        f - +0 dagger {Li}
rNeg    . . .        b - +0 leather armour
rPois   .            c - +2 helmet
rElec   .            l - +0 cloak
rCorr   .            (no gloves)
SInv    .            (no boots)
Will    .....        (amulet unavailable)
Stlth   +            (ring unavailable)
HPRegen 0.30/turn    (ring unavailable)
MPRegen 0.11/turn    (no gizmo)

%: no passive effects
@: mighty, corroded, revved
A: off-hand wielding, slow wielding, warmup strikes, no jewellery
a: Invent Gizmo, Renounce Religion


You were on level 7 of the Dungeon.
You worshipped Okawaru.
Okawaru was noncommittal.
You visited 2 branches of the dungeon, and saw 8 of its levels.


Innate Abilities, Weirdness & Mutations

You can wield a second weapon in your off-hand.
It takes a long time for you to wield or remove held weapons.
Your first few attacks do less damage.
You cannot equip rings or amulets.


   Skills:
 - Level 2.0 Fighting
 + Level 12.1 Long Blades
 - Level 1.7 Throwing
 - Level 2.6 Dodging


You had 8 spell levels left.
You didn't know any spells.
Your spell library contained the following spells:

 Spells                   Type           Power      Damage    Failure   Level
 Freeze                   Ice            0%         1d3       45%         1
 Slow                     Hex            0%         N/A       45%         1
 Ensorcelled Hibernation  Hex/Ice        0%         N/A       61%         2
 Confusing Touch          Hex            0%         N/A       83%         3
 Frozen Ramparts          Ice            0%         1d1       83%         3
 Hailstorm                Conj/Ice       0%         3d5       83%         3
 Passwall                 Erth           0%         N/A       83%         3
 Swiftness                Air            0%         N/A       83%         3
 Vampiric Draining        Necr           0%         2d6       83%         3

Inventory:

Hand Weapons
 a - a +0 long sword of electrocution (weapon) {Akiya}
 f - a +0 dagger (offhand) {Li}
Missiles
 e - a javelin
 h - 62 stones
 i - 8 poisoned darts
Armour
 b - a +0 leather armour (worn)
 c - a +2 helmet (worn)
 l - a +0 cloak (worn)
   (You found it on level 6 of the Dungeon)
Jewellery
 D - a +6 ring of dexterity
   (You found it on level 6 of the Dungeon)
 G - an amulet of guardian spirit
   (You found it on level 5 of the Dungeon)
Scrolls
 k - a scroll of fear
 r - a scroll of teleportation {@r4}
 s - 2 scrolls of identify {@r1}
 t - 3 scrolls of fog
 v - a scroll of poison {!r}
Potions
 g - a potion of curing {@q1}
 m - 4 potions of degeneration {!q}
 n - 3 potions of resistance
 o - a potion of berserk rage {!q}
 p - a potion of enlightenment

Dungeon Overview and Level Annotations

Branches:
Dungeon (7/15) Zot: 26816  Temple (1/1) D:6 Zot: 5991

Altars:
Dithmenos
Elyvilon
Fedhas
Gozag
Hepliaklqana
Kikubaaqudgha
Makhleb
Okawaru
Qazlal
Ru
Sif Muna
Uskayaw
Wu Jian
Xom

Annotations:
D:7 3 runed translucent doors, Maurice; noobster's ghost, novice MiFi

.....>..#####
#######.#######
########.......# #
.....#..######... ..
(...(#..# #######
..(..+..## .......
ß....+...## .......
...(.+....####.......
.(..W#.....@{........
.(..)#.)######.......
######### .......
..)...# .####.# .# #
.# .#


You could see noobster's ghost.


Message History

Okay, then.
You feel very mighty all of a sudden.
Maurice gestures wildly while chanting.
Maurice flickers and vanishes!
Deactivating autopickup; reactivate with Ctrl-A.
Unknown command.
You hear a zap.
A bolt of acid appears from out of thin air!
The bolt of acid hits you! 😕 HP[-14]
You take 14 damage, and now have 47/61 hp.
MASSIVE DAMAGE!! (PAUSE) 😕 HP[+1]
You slash something with your +0 long sword of electrocution!
You closely miss something with your +0 dagger.
You hear a zap.
A bolt of acid appears from out of thin air!
The bolt of acid misses you.
Unknown command.
You miss something with your +0 long sword of electrocution.
You puncture something with your +0 dagger!
Something hits you.
Something steals 305 gold pieces!
You now have 0 gold pieces.
Something barely misses you. 😮 HP[-4]
You take 4 damage, and now have 44/61 hp.
You closely miss something with your +0 long sword of electrocution.
You miss something with your +0 dagger.
You miss something with your +0 long sword of electrocution.
You closely miss something with your +0 dagger.
You hear a zap.
A bolt of acid appears from out of thin air!
The bolt of acid hits you! 😮 HP[-12]
You take 12 damage, and now have 32/61 hp.
Unknown command.
You miss something with your +0 dagger.
You closely miss something with your +0 long sword of electrocution.
You hear a zap.
A bolt of acid appears from out of thin air!
The bolt of acid hits you!
* * * LOW HITPOINT WARNING * * *
The acid corrodes you! 😨 HP[-8]
You take 8 damage, and now have 24/61 hp.
You hit something with your +0 dagger.
You miss something with your +0 long sword of electrocution.
You miss something with your +0 dagger.
You closely miss something with your +0 long sword of electrocution.
You hear a zap.
A bolt of acid appears from out of thin air!
The bolt of acid hits you!
* * * LOW HITPOINT WARNING * * *
Unknown command. 😱 HP[-15]
You take 15 damage, and now have 9/61 hp.
MASSIVE DAMAGE!! (PAUSE)
You feel much better.
You hear a zap.
A bolt of acid appears from out of thin air!
The bolt of acid hits you!
* * * LOW HITPOINT WARNING * * *
The acid corrodes you! 😨 HP[+15]
You regained 15 hp, and now have 24/61 hp.
You hit something with your +0 dagger.
You closely miss something with your +0 long sword of electrocution.
Something barely misses you. Something bites you.
* * * LOW HITPOINT WARNING * * *
You feel your power leaking away.
Something drains your magic. 😨 HP[-4] MP[-3]
You take 4 damage, and now have 20/61 hp.
You lost 3 mp, and now have 6/9 mp.
You miss something with your +0 dagger.
You slash something with your +0 long sword of electrocution!
Something hits you.
* * * LOW HITPOINT WARNING * * *
Something steals the ring "Levyinn" {Fly rF+ Str+3 Int-2}!
Something bites you.
* * * LOW HITPOINT WARNING * * *
You feel your power leaking away.
Something drains your magic. 😱 HP[-7] MP[-3]
You take 7 damage, and now have 13/61 hp.
You lost 3 mp, and now have 3/9 mp.
You closely miss something with your +0 long sword of electrocution.
You hit something but do no damage.
You hit something with your +0 long sword of electrocution.
You hit something but do no damage.
You hear a zap.
A bolt of acid appears from out of thin air!
The bolt of acid misses you.
Unknown command.
You hit something but do no damage.
You closely miss something with your +0 long sword of electrocution.
Something hits you!
* * * LOW HITPOINT WARNING * * *
Something steals your 5 throwing nets {=f!f}!
Something bites you!
You die...

Skill      XL: |  1  2  3  4  5  6  7  8  9 |
---------------+----------------------------+-----
Long Blades    | 4 5 6 7 9 11 12 | 12.1
Fighting       | |  2.0
Throwing       | |  1.7
Dodging        | |  2.6

Action                     |  1- 3 |  4- 6 |  7- 9 || total
---------------------------+-------+-------+-------++-------
  Melee: Long sword        |    59 |    82 |   187 ||   328
         Dagger            |    50 |    69 |   169 ||   288
    Use: Scroll            |     5 |     9 |     5 ||    19
         Potion            |       |     1 |     3 ||     4
   Stab: Sleeping          |       |     1 |     1 ||     2
         Distracted        |       |       |     1 ||     1
 Armour: Leather armour    |    34 |    50 |   100 ||   184
  Dodge: Dodged            |    31 |    52 |    77 ||   160

Levels and vault maps discovered:
D:1:      tarquinn_simple_flora_water_a, layout_loops_ring,
          nicolae_eternal_life, nicolae_figureground_sparkle
D:2:      layout_loops_ring, minmay_split_cup_small, uniq_natasha
D:3:      layout_basic, serial_rivers, chequers_serial_rivers_marsh,
          chequers_serial_rivers_micro_d, chequers_serial_rivers_micro_e,
          chequers_serial_rivers_room_b, uniq_jessica
D:4:      layout_basic
D:5:      layout_rooms, nicolae_overflow_hidden_temple,
          minmay_fractal_squares_gapless_5, uniq_prince_ribbit1, uniq_eustachio
D:6:      layout_basic, minmay_temple_entry_nine_rooms, nicolae_water_bricks,
          uniq_edmund
D:7:      layout_loops_ring, nicolae_uskayaw_murder_on_the_dancefloor,
          ebering_ghost_rock_garden, serial_co_window_serial,
          co_window_corner_a, co_window_paths_a, co_window_cross_1,
          co_window_paths_a, co_window_of_opportunity_a, co_window_paths_a,
          co_window_paths_a, co_window_2corner, co_window_broadway_b,
          co_window_cross_4, co_window_corner_cb, co_window_2corner,
          uniq_maurice
Temple:   nicolae_temple_bog_church

Notes
Turn   | Place    | Note
-------+----------+-------------------------------------------
     0 | D:1      | kae the Coglin Gladiator began the quest for the Orb.
     0 | D:1      | Reached XP level 1. HP: 16/16 MP: 1/1
     0 | D:1      | magus.rc [v1.11.3]
   315 | D:1      | Reached XP level 2. HP: 17/22 MP: 2/2
   922 | D:2      | magus.rc [v1.11.3]
   922 | D:2      | magus.rc [v1.11.3]
   924 | D:2      | Reached skill level 4 in Long Blades
  1057 | D:2      | You pick up a book of Burglary and begin reading...
  1057 | D:2      | You add the spells Ensorcelled Hibernation, Swiftness and
                  | Passwall to your library.
  1230 | D:2      | Reached XP level 3. HP: 21/27 MP: 3/3
  1391 | D:2      | Noticed Natasha
  1396 | D:2      | Killed Natasha
  1397 | D:2      | Reached XP level 4. HP: 33/33 MP: 4/4
  1770 | D:3      | Noticed Jessica
  1777 | D:3      | Killed Jessica
  1778 | D:3      | Reached skill level 5 in Long Blades
  2318 | D:3      | Reached XP level 5. HP: 38/38 MP: 5/5
  2638 | D:4      | Identified the +8 quarterstaff of Experimentation {distort,
                  | rF++ Str-3 Dex+5}
  2663 | D:5      | Entered Level 5 of the Dungeon
  2666 | D:5      | Noticed an ice beast
  2681 | D:5      | Reached skill level 6 in Long Blades
  2682 | D:5      | Killed an ice beast
  2683 | D:5      | Reached XP level 6. HP: 23/44 MP: 6/6
  2773 | D:5      | Reached skill level 7 in Long Blades
  2975 | D:5      | Reached XP level 7. HP: 29/50 MP: 7/7
  2979 | D:5      | Reached skill level 8 in Long Blades
  3556 | D:4      | You pick up a book of Debilitation and begin reading...
  3556 | D:4      | You add the spells Slow, Vampiric Draining and Confusing
                  | Touch to your library.
  3840 | D:5      | Noticed Eustachio
  3841 | D:5      | Found a shadowy altar of Dithmenos.
  3873 | D:5      | Killed Eustachio
  3874 | D:5      | Reached skill level 9 in Long Blades
  3943 | D:5      | Found a shimmering altar of Xom.
  3994 | D:5      | Reached XP level 8. HP: 56/56 MP: 8/8
  4166 | D:5      | You pick up a book of Frost and begin reading...
  4166 | D:5      | You add the spells Freeze, Frozen Ramparts and Hailstorm to
                  | your library.
  4248 | D:5      | Reached skill level 10 in Long Blades
  4335 | D:5      | Noticed Prince Ribbit
  4349 | D:5      | Killed Prince Ribbit
  4655 | D:6      | Noticed Edmund
  4668 | D:6      | Killed Edmund
  4672 | D:6      | Reached skill level 11 in Long Blades
  5126 | D:6      | Reached XP level 9. HP: 46/61 MP: 9/9
  5554 | D:6      | Found a staircase to the Ecumenical Temple.
  5740 | Temple   | Entered the Ecumenical Temple
  5744 | Temple   | Became a worshipper of Warmaster Okawaru
  5796 | D:7      | Found a hide-covered altar of Uskayaw.
  5809 | D:7      | Reached skill level 12 in Long Blades
  5856 | D:7      | Identified the ring "Levyinn" {Fly rF+ Str+3 Int-2}
  5943 | D:7      | Found a runed translucent gate.
  5944 | D:7      | Found a runed translucent gate.
  5944 | D:7      | Found a runed translucent gate.
  5945 | D:7      | Noticed noobster's ghost (novice MiFi)
  5958 | D:7      | Noticed Maurice
  5969 | D:7      | Something stole 305 gold
  5974 | D:7      | HP: 9/61 [something/bolt of acid (15)]
  5977 | D:7      | Something stole the ring "Levyinn" {Fly rF+ Str+3 Int-2}
  5980 | D:7      | HP: 5/61 [something (9)]
  5980 | D:7      | Something stole 5 throwing nets {=f!f}
  5980 | D:7      | Slain by Maurice

Vanquished Creatures
  Prince Ribbit (D:5)
  Eustachio (D:5)
  Edmund (D:6)
  3 ice beasts
  2 ogres
  A centaur (D:6)
  2 phantoms
  A bullfrog (D:7)
  4 scorpions
  A howler monkey (D:5)
  2 bombardier beetles
  A gnoll bouda (D:4)
  An orc priest (D:6)
  3 hounds
  A jelly (D:5)
  Jessica (D:3)
  Natasha (D:2)
  2 iguanas (D:6)
  6 adders
  8 gnolls
  3 white imps
  A dart slug (D:3)
  4 ribbon worms
  8 orcs
  6 bats
  8 endoplasms
  A giant cockroach (D:1)
  5 goblins
  A hobgoblin (D:2)
  7 quokkas
  4 ball pythons
  5 frilled lizards
  8 kobolds
  3 rats
107 creatures vanquished.

Table legend:
 A = Non-vault XP
 B = Vault XP
 C = Vault XP percentage of total XP
 D = Non-vault monster count
 E = Vault monster count
 F = Vault count percentage of total count
                 A         B        C        D         E       F
            +---------+---------+-------+---------+---------+-------
      Total |    1892 |     977 |  34.1 |      92 |      15 |  14.0
            +---------+---------+-------+---------+---------+-------
        D:1 |      27 |       0 |   0.0 |      19 |       0 |   0.0
        D:2 |      15 |      40 |  72.7 |       8 |       4 |  33.3
        D:3 |      77 |      37 |  32.5 |      12 |       1 |   7.7
        D:4 |     246 |       0 |   0.0 |      18 |       0 |   0.0
        D:5 |     640 |     724 |  53.1 |      17 |       9 |  34.6
        D:6 |     629 |     176 |  21.9 |      15 |       1 |   6.2
        D:7 |     258 |       0 |   0.0 |       3 |       0 |   0.0
            +---------+---------+-------+---------+---------+-------

Skill      XL: |  1  2  3  4  5  6  7  8  9 |
---------------+----------------------------+-----
Long Blades    | 4 5 6 7 9 11 12 | 12.1
Fighting       | |  2.0
Throwing       | |  1.7
Dodging        | |  2.6

Action                     |  1- 3 |  4- 6 |  7- 9 || total
---------------------------+-------+-------+-------++-------
  Melee: Long sword        |    59 |    82 |   187 ||   328
         Dagger            |    50 |    69 |   169 ||   288
    Use: Scroll            |     5 |     9 |     5 ||    19
         Potion            |       |     1 |     3 ||     4
   Stab: Sleeping          |       |     1 |     1 ||     2
         Distracted        |       |       |     1 ||     1
 Armour: Leather armour    |    34 |    50 |   100 ||   184
  Dodge: Dodged            |    31 |    52 |    77 ||   160

Illustrated notes

Table legend:
 A = Kills in this place as a percentage of kills in the entire game.
 B = Kills by you in this place as a percentage of kills by you in the entire game.
 C = Kills by friends in this place as a percentage of kills by friends in the entire game.
 D = Other kills in this place as a percentage of other kills in the entire game.
 E = Experience gained in this place as a percentage of experience gained in the entire game.
 F = Experience gained in this place divided by the number of levels of this place that you have seen.
                   A       B       C       D       E      F
               +-------+-------+-------+-------+-------+----------------------
         Total | 100.0 | 100.0 |   N/A |   N/A | 100.0 | 358.6
       Dungeon | 100.0 | 100.0 |   N/A |   N/A | 100.0 | 409.9
               +-------+-------+-------+-------+-------+----------------------

Table legend: (Time is in decaauts)
 A = Elapsed time spent in this place.
 B = Non-inter-level travel time spent in this place.
 C = Inter-level travel time spent in this place.
 D = Time resting spent in this place.
 E = Time spent auto-exploring this place.
 F = Levels seen in this place.
 G = Mean time per level.
                   A        B        C        D        E       F      G
               +--------+--------+--------+--------+--------+-----+--------+
         Total |   5945 |   5553 |    392 |    537 |   4209 |   8 |  743.1 |
       Dungeon |   5937 |   5546 |    391 |    537 |   4209 |   7 |  848.1 |
        Temple |      8 |      8 |      0 |      0 |      0 |   1 |    8.0 |
               +--------+--------+--------+--------+--------+-----+--------+

Top non-repeatable levels by time:
     D:5: 1197 daAuts
     D:3: 1157 daAuts
     D:6: 1108 daAuts
     D:1: 894 daAuts
     D:4: 730 daAuts
     D:2: 666 daAuts
     D:7: 182 daAuts
  Temple: 8 daAuts
